 Dungeon Crawl Stone Soup version 0.31-a0-210-gccc998df9b (webtiles) character file.

Game seed: 7758313368524963343

159 qw the Shooter (level 5, 0/30 HPs)
             Began as a Gargoyle Hexslinger on June 29, 2023.
             Slain by an ogre
             ... wielding a +0 giant spiked club
              (15 damage)
             ... on level 4 of the Dungeon.
             The game lasted 00:01:03 (2579 turns).

qw the Shooter (Gargoyle Hexslinger)                Turns: 2579, Time: 00:01:03

Health: 0/30       AC:  9    Str: 11    XL:     5   Next: 40%
Magic:  6/6        EV: 10    Int: 14    God:
Gold:   82         SH:  0    Dex: 14    Spells: 5/6 levels left

rFire   . . .        Y - +1 sling (freeze)
rCold   . . .        (no shield)
rNeg    + . .        d - +0 ring mail
rPois   inf          (no helmet)
rElec   +            (no cloak)
rCorr   .            (no gloves)
SInv    .            (no boots)
Will    +....        (no amulet)
Stlth   +            b - ring of willpower
HPRegen 0.25/turn    (no ring)
MPRegen 0.10/turn

%: no passive effects
@: no status effects
A: sickness immunity, AC +4, negative energy resistance 1, electricity
resistance, torment resistance 1, petrification resistance
a: no special abilities


You were on level 4 of the Dungeon.
You visited 1 branch of the dungeon, and saw 4 of its levels.

You collected 144 gold pieces.
You spent 62 gold pieces at shops.


Innate Abilities, Weirdness & Mutations

You are immune to sickness and miasma.
Your stone body is resilient. (AC +4)
You are immune to poison.
You resist negative energy. (rN+)
You are resistant to electric shocks. (rElec)
You are resistant to unholy torment.
You are immune to petrification.


   Skills:
 + Level 2.1 Fighting
 - Level 5.0 Ranged Weapons
 - Level 1.0 Armour
 - Level 1.5 Dodging
 - Level 1.0 Spellcasting
 - Level 2.6 Hexes


You had 5 spell levels left.
You knew the following spells:

 Your Spells              Type           Power      Damage    Failure   Level
a - Slow                  Hex            32%        N/A       21%         1

Your spell library contained the following spells:

 Spells                   Type           Power      Damage    Failure   Level
 Inner Flame              Hex/Fire       4%         N/A       71%         3
 Portal Projectile        Hex/Tloc       8%         N/A       71%         3
 Cause Fear               Hex            4%         N/A       90%         4

Inventory:

Hand Weapons
 Y - a +1 sling of freezing (weapon)
Armour
 d - a +0 ring mail (worn)
Jewellery
 b - a ring of willpower (left hand)
Scrolls
 a - 3 scrolls of enchant armour
 e - a scroll of identify
 g - 5 scrolls of teleportation
Potions
 c - a potion of might
 f - 3 potions of curing
 h - a potion of resistance {unknown}
 i - a potion of attraction {unknown}
 j - a potion of haste {unknown}
 l - a potion of heal wounds {unknown}
 m - a potion of enlightenment {unknown}

Dungeon Overview and Level Annotations

Branches:
Dungeon (4/15)
 Temple: D:4-7

Altars:
Dithmenos
Nemelex Xobeh
Qazlal
Sif Muna

Shops:
D:1 **   D:2 *


Message History

Found a potion of curing and a scroll of identify.
The orc shouts!
The orc moves out of view.
A kobold comes into view. It is wielding a +0 short sword.
The kobold shouts!
The kobold throws a stone.
The stone hits you.
An ogre comes into view. It is wielding a +0 giant spiked club.
You shoot a sling bullet.
The sling bullet barely misses the ogre.
The ogre shouts!
A goblin comes into view. It is wielding a +0 club.
The kobold throws a stone.
The stone barely misses you.
You shoot a sling bullet. The goblin shouts!
The sling bullet hits the orc.
The sling bullet freezes the orc.
The orc is severely wounded.
You shoot a sling bullet. The sling bullet hits the orc.
The sling bullet freezes the orc.
You kill the orc!
You shoot a sling bullet.
The sling bullet barely misses the ogre.
You shoot a sling bullet. The sling bullet hits the ogre.
The sling bullet freezes the ogre.
The ogre is moderately wounded.
The ogre hits you with a +0 giant spiked club!
You shoot a sling bullet.
The sling bullet hits the ogre but does no damage.
The ogre is moderately wounded.
The goblin hits you but does no damage. The kobold barely misses you.
You shoot a sling bullet. The sling bullet hits the ogre.
The sling bullet freezes the ogre.
The ogre is moderately wounded.
The ogre misses you. The goblin hits you with a +0 club. The kobold misses you.
You shoot a sling bullet.
The sling bullet hits the ogre but does no damage.
The ogre is moderately wounded.
The kobold barely misses you. The goblin hits you with a +0 club.
The ogre hits you with a +0 giant spiked club!
Ouch! That really hurt!
You die...

##..##....####......
#...#......#.#......
##..##...)........
##...###..#..#..#
......##....#..# ##
...#...###...#)### #...
#/####.......#...##.....
### ##.........:.......
####......@O......
#..#....Kg.!....
....#............
...####.....?.... ....
........... ...
......#.###. #......###
...##...


You could see an ogre, a goblin and a kobold.

Vanquished Creatures
  6 adders
  4 gnolls (D:3)
  A worm (D:2)
  2 orcs
  8 ball pythons
  A bat (D:2)
  7 endoplasms
  2 giant cockroaches
  5 hobgoblins (D:1)
  4 quokkas
  5 frilled lizards
  6 goblins
  4 kobolds
  5 rats
60 creatures vanquished.

Notes
Turn   | Place    | Note
-------+----------+-------------------------------------------
     0 | D:1      | qw the Gargoyle Hexslinger began the quest for the Orb.
     0 | D:1      | Reached XP level 1. HP: 12/12 MP: 2/2
     0 | D:1      | 0 ||| qw: Version: 0.3-a-24-ga2abf7b
     0 | D:1      | 0 ||| qw: Game counter: 6999
     0 | D:1      | 0 ||| qw: Melee chars always use a shield: true
     0 | D:1      | 0 ||| qw: God list: Okawaru
     0 | D:1      | 0 ||| qw: Allow faded altars: false
     0 | D:1      | 0 ||| qw: Do Orc after clearing Dungeon:15 true
     0 | D:1      | 0 ||| qw: Do second Lair branch before Depths: true
     0 | D:1      | 0 ||| qw: Lair rune preference: random
     0 | D:1      | 0 ||| qw: Goals: Normal
     0 | D:1      | 0 ||| PLANNING D:1-11
   121 | D:1      | Found Orimulow's General Store.
   137 | D:1      | 137 ||| SHOPLISTING scroll of enchant weapon (75 gold, have
                  | 0).
   137 | D:1      | 137 ||| SHOPLISTING scroll of identify (20 gold, have 0).
   211 | D:1      | Found Quheaf's Assorted Antiques.
   213 | D:1      | Reached XP level 2. HP: 16/16 MP: 3/3
   247 | D:1      | 247 ||| BUYING fuming green potion (19 gold).
   247 | D:1      | Bought a fuming green potion for 19 gold pieces
   247 | D:1      | 247 ||| SHOPLISTING helmet (99 gold, have 6).
   247 | D:1      | 247 ||| SHOPLISTING scroll labelled UCEIHY FERIN (22 gold,
                  | have 6).
   277 | D:1      | Reached skill level 3 in Ranged Weapons
   551 | D:1      | Reached XP level 3. HP: 21/21 MP: 4/4
   591 | D:1      | 591 ||| UPGRADING to +0 ring mail.
   601 | D:1      | 601 ||| DROPPING +0 robe.
   602 | D:1      | 602 ||| READING scroll labelled RAOMYN JAONLE.
   603 | D:1      | 603 ||| READING 2 scrolls labelled OSO BUGISEC.
   608 | D:1      | 608 ||| READING scroll labelled FIUCEU BUIJ.
   609 | D:1      | 609 ||| READING scroll labelled SENUFUSTRU GAGANAS.
   610 | D:1      | 610 ||| READING scroll labelled HUOHIRHYEJU.
   611 | D:1      | 611 ||| DRINKING 2 fuming green potions.
   612 | D:1      | 612 ||| DROPPING scroll of poison.
   899 | D:2      | Reached XP level 4. HP: 17/26 MP: 5/5
   952 | D:2      | Reached skill level 4 in Ranged Weapons
  1013 | D:2      | Found Culyeh's Assorted Antiques.
  1022 | D:2      | 1022 ||| SHOPLISTING helmet (103 gold, have 59).
  1022 | D:2      | 1022 ||| BUYING lumpy black potion (20 gold).
  1022 | D:2      | Bought a lumpy black potion for 20 gold pieces
  1022 | D:2      | 1022 ||| BUYING scroll labelled UCEIHY FERIN (23 gold).
  1022 | D:2      | Bought a scroll labelled UCEIHY FERIN for 23 gold pieces
  1022 | D:2      | 1022 ||| SHOPLISTING tapered glass wand (92 gold, have 16).
  1224 | D:2      | Reached skill level 1 in Armour
  1661 | D:2      | 1661 ||| UPGRADING to ring of willpower.
  1662 | D:2      | 1662 ||| READING scroll labelled WACUIB TOT FUY.
  1663 | D:2      | 1663 ||| READING scroll labelled UCEIHY FERIN.
  1759 | D:3      | Found a shadowy altar of Dithmenos.
  1763 | D:3      | Found a stormy altar of Qazlal.
  1768 | D:3      | Found a shimmering blue altar of Sif Muna.
  1798 | D:3      | Found a faded altar of an unknown god.
  1953 | D:3      | Reached XP level 5. HP: 29/30 MP: 6/6
  1965 | D:3      | HP: 5/30 [gnoll/+0 flail (8)]
  1966 | D:3      | 1966 ||| READING 3 scrolls of teleportation.
  2200 | D:3      | Found a sparkling altar of Nemelex Xobeh.
  2400 | D:3      | Reached skill level 5 in Ranged Weapons
  2514 | D:3      | 2514 ||| READING 2 scrolls of identify.
  2514 | D:3      | 2514 ||| IDENTIFYING silvery potion
  2571 | D:4      | Noticed an ogre
  2579 | D:4      | Slain by an ogre

Levels and vault maps discovered:
D:1:      elethiomel_arrival_maze, layout_rooms, serial_shops,
          nicolae_shop_tiny_glass, nicolae_shop_tiny_waterfront,
          chequers_serial_rivers_room_b
D:2:      layout_basic, serial_shops, shop, dreamdust_wishing_well,
          minmay_box_of_dots
D:3:      layout_basic, nemelex_xobeh_ov_fountains_minmay,
          grunt_temple_overflow_diamond, shapermc_ecumenical_altar_gd
D:4:      layout_cave_pools, nicolae_overflow_crystal_walls,
          amcnicky_mini_corridor_feature

Skill      XL: |  1  2  3  4  5 |
---------------+----------------+-----
Ranged Weapons | 3 4 5 |  5.0
Fighting       | 2 |  2.1
Armour         | 1 |  1.0
Dodging        | |  1.5
Spellcasting   | |  1.0
Hexes          | |  2.6

Action                     |  1- 3 |  4- 6 || total
---------------------------+-------+-------++-------
   Fire: Sling             |   127 |   143 ||   270
    Use: Scroll            |     5 |     4 ||     9
         Potion            |     1 |       ||     1
 Armour: Robe              |    12 |       ||    12
         Ring mail         |    21 |    39 ||    60
  Dodge: Dodged            |    45 |    57 ||   102

Table legend:
 A = Non-vault XP
 B = Vault XP
 C = Vault XP percentage of total XP
 D = Non-vault monster count
 E = Vault monster count
 F = Vault count percentage of total count
                 A         B        C        D         E       F
            +---------+---------+-------+---------+---------+-------
      Total |     221 |       7 |   3.1 |      56 |       4 |   6.7
            +---------+---------+-------+---------+---------+-------
        D:1 |      37 |       0 |   0.0 |      22 |       0 |   0.0
        D:2 |      72 |       7 |   8.9 |      12 |       4 |  25.0
        D:3 |     105 |       0 |   0.0 |      19 |       0 |   0.0
        D:4 |       7 |       0 |   0.0 |       3 |       0 |   0.0
            +---------+---------+-------+---------+---------+-------
